 Dungeon Crawl Stone Soup version 0.22.2-1-ge965b3a (webtiles) character file.

155 smallpebble the Shield-Bearer (level 5, -1/45 HPs)
             Began as a Hill Orc Fighter on Apr 10, 2019.
             Killed by divine providence
             ... invoked by an orc priest
              (16 damage)
             ... on level 3 of the Dungeon.
             The game lasted 00:07:09 (2312 turns).

smallpebble the Shield-Bearer (Hill Orc Fighter)    Turns: 2312, Time: 00:07:15

Health: -1/45      AC:  7    Str: 19    XL:     5   Next: 37%
Magic:  5/5        EV:  8    Int:  8    God:
Gold:   78         SH: 10    Dex: 11    Spells: 4/4 levels left

rFire    . . .     SeeInvis .   a - +0 war axe
rCold    . . .     Gourm    .   c - +0 shield
rNeg     . . .     Faith    .   b - +0 scale mail
rPois    .         Spirit   .   (no helmet)
rElec    .         Reflect  .   (no cloak)
rCorr    .         Harm     .   (no gloves)
MR       .....                  (no boots)
Stlth    ..........             (no amulet)
HPRegen  0.15/turn              (no ring)
MPRegen  0.09/turn              (no ring)

@: no status effects
A: no striking features
a: Convert to Beogh


You were on level 3 of the Dungeon.
You were hungry.

You visited 1 branch of the dungeon, and saw 3 of its levels.

You collected 78 gold pieces.

Inventory:

Hand Weapons
 a - a +0 war axe (weapon)
Armour
 b - a +0 scale mail (worn)
 c - a +0 shield (worn)
 j - a +0 chain mail
Jewellery
 i - a cursed ring of teleportation
 n - an uncursed ring of protection from fire {unknown}
Scrolls
 e - 2 scrolls of identify
 l - a scroll of fog {unknown}
 o - a scroll of blinking {unknown}
Potions
 d - a potion of might
 g - a potion of brilliance
 h - 2 potions of lignification
 k - a potion of agility
 m - a potion of heal wounds {unknown}
Comestibles
 f - 6 rations


   Skills:
 - Level 3.6 Fighting
 - Level 3.1 Axes
 - Level 3.7 Armour
 * Level 1.8 Dodging
 + Level 0.5 Stealth
 + Level 5.2 Shields


You had 4 spell levels left.
You didn't know any spells.
Your spell library was empty.

Dungeon Overview and Level Annotations

Branches:
Dungeon (3/15)

Altars:
Trog


Message History

The orc priest is lightly wounded.
The orc priest barely misses you.
The orc priest shouts, "Surrender to Beogh and we'll let you live!"
You hit the orc priest but do no damage.
The orc priest is lightly wounded.
The orc priest hits you with a hand axe.
You slash the orc priest!
The orc priest is heavily wounded.
The orc priest invokes the aid of Beogh against you.
Beogh smites you!
A quokka comes into view.
The orc priest hits you but does no damage.
The orc priest threatens, "By the altar or by the axe, you will meet Beogh!"
You barely miss the orc priest.
The orc priest shouts, "Join the one true god or die!"
The orc priest is heavily wounded.
The orc priest shouts, "Join the one true god or die!"
The orc priest calls down the wrath of Beogh upon you.
Beogh smites you!
You die...

#.#
####.......#.###########
#.######..#....#.#
#..............#.#
################.# #.#
#.# #.#
#.#######.#####.#.
.%r..oo@..........
#.######...####...
#.....# ##...## # ##.##
# #.# # #.# # #'# # ...


You could see 2 orc priests and a quokka.

Vanquished Creatures
  An orc priest (D:3)
  5 oozes (D:1)
  4 worms
  5 dart slugs
  2 leopard geckos (D:1)
  6 orcs (D:3)
  5 bats
  6 giant cockroaches
  5 goblins
  12 hobgoblins
  4 jackals (D:1)
  3 frilled lizards (D:2)
  7 kobolds
  11 rats
76 creatures vanquished.

Notes
Turn   | Place    | Note
-------+----------+-------------------------------------------
     0 | D:1      | smallpebble the Hill Orc Fighter began the quest for the
                  | Orb.
     0 | D:1      | Reached XP level 1. HP: 19/19 MP: 1/1
     1 | D:1      | Found a runed door.
    46 | D:1      | Reached XP level 2. HP: 8/26 MP: 2/2
   299 | D:1      | Reached XP level 3. HP: 24/31 MP: 3/3
   308 | D:1      | Reached skill level 4 in Shields
   317 | D:1      | Reached skill level 1 in Dodging
   645 | D:1      | Reached XP level 4. HP: 39/39 MP: 4/4
  1181 | D:2      | Found a faded altar of an unknown god.
  1223 | D:2      | Found a bloodstained altar of Trog.
  2017 | D:3      | Reached skill level 5 in Shields
  2017 | D:3      | Reached XP level 5. HP: 30/45 MP: 5/5
  2312 | D:3      | Killed from afar by an orc priest

Skill      XL: |  1  2  3  4 |
---------------+-------------+-----
Axes           | 3 |  3.1
Shields        | 4 5 |  5.2
Dodging        | 1 |  1.8
Fighting       | |  3.6
Armour         | |  3.7
Stealth        | |  0.5

Action                   |  1- 3 |  4- 6 || total
-------------------------+-------+-------++-------
Melee: War axe           |    93 |   137 ||   230
  Use: Scroll            |       |     2 ||     2
       Potion            |       |     1 ||     1
  Eat: Ration            |       |     1 ||     1
       Chunk             |       |     1 ||     1
Armor: Scale mail        |    52 |    51 ||   103
Dodge: Dodged            |    28 |    38 ||    66
Block: Shield            |    44 |    66 ||   110
